 Dungeon Crawl Stone Soup version 0.20.0-8-g6b59dc7 (webtiles) character file.

248 mopl the Firebug (level 5, 0/42 HPs)
             Began as a Deep Elf Fire Elementalist on May 30, 2017.
             Succumbed to Amnesiac's ghost's poison
             ... while paralysed
             ... on level 3 of the Dungeon.
             The game lasted 00:06:40 (2631 turns).

mopl the Firebug (Deep Elf Fire Elementalist)       Turns: 2631, Time: 00:06:41

Health: 0/42       AC: 22    Str:  5    XL:     5   Next: 86%
Magic:  6/13       EV:  2    Int: 21    God:
Gold:   132        SH:  0    Dex: 15    Spells: 5/13 levels left

rFire    . . .     SeeInvis .   (no weapon)
rCold    . . .     Gourm    +   (no shield)
rNeg     + + +     Faith    .   (armour currently unavailable)
rPois    +         Spirit   .   (helmet currently unavailable)
rElec    .         Reflect  .   (cloak currently unavailable)
rCorr    .         Harm     .   (gloves currently unavailable)
MR       .....     NoTele   +   (boots currently unavailable)
Stlth    ++........             r - amulet of the gourmand
Regen    0.2/turn               (no ring)
MPRegen  0.2/turn               (no ring)

@: paralysed, lethally poisoned (0 -> -1), tree-form, berserk cooldown, slowed
A: no striking features
a: no special abilities


You were on level 3 of the Dungeon.
You were not hungry.
You were a tree.
You visited 1 branch of the dungeon, and saw 4 of its levels.

You collected 132 gold pieces.

Inventory:

Armour
 a - a +0 robe (melded)
 s - a +0 pair of gloves (melded)
Jewellery
 r - an amulet of the gourmand (around neck)
Wands
 l - a wand of flame (28/48)
Scrolls
 d - 3 scrolls of identify {unknown}
 h - 3 scrolls of teleportation {unknown}
 j - a scroll of blinking {unknown}
 k - 4 scrolls of remove curse {unknown}
 m - a scroll of immolation {unknown}
 o - a scroll of amnesia {unknown}
Potions
 g - a potion of lignification {!q}
 n - a potion of magic {unknown}
 p - a potion of mutation {unknown}
 q - a potion of degeneration {unknown}
Books
 b - a book of Flames

   Spells                             Type                      Level
   a - Flame Tongue                   Conjuration/Fire             1
   b - Throw Flame                    Conjuration/Fire             2
   c - Conjure Flame                  Conjuration/Fire             3
   d - Inner Flame                    Hexes/Fire                   3
   e - Sticky Flame                   Conjuration/Fire             4
   f - Fireball                       Conjuration/Fire             5
Comestibles
 c - 3 bread rations
 f - a meat ration
 i - 7 fruits


   Skills:
 - Level 2.4 Dodging
 - Level 2.4 Stealth
 + Level 4.5 Spellcasting
 * Level 4.1 Conjurations
 * Level 5.2 Fire Magic


You had 5 spell levels left.
You knew the following spells:

 Your Spells              Type           Power        Failure   Level  Hunger
a - Flame Tongue          Conj/Fire      ###..        1%          1    None
c - Conjure Flame         Conj/Fire      ###.....     4%          3    ##.....
d - Sticky Flame          Conj/Fire      ###.....     16%         4    ####...


Dungeon Overview and Level Annotations

Branches:
Dungeon (4/15)
 Temple: D:4-7

Altars:
Yredelemnul

Annotations:
D:4 Amnesiac's ghost, novice CeFE


Message History

Unknown command.
You feel less wooden.
Your +0 pair of gloves unmelds from your body.
Your +0 robe unmelds from your body.
Really quaff
g - 2 potions of lignification {!q}?
You turn into a tree.
Your +0 pair of gloves melds into your body.
Your +0 robe melds into your body.
Your roots penetrate the ground.
* * * LOW HITPOINT WARNING * * *
You feel sick.
It was a potion of berserk rage.
A red film seems to cover your vision as you go berserk!
You feel yourself moving faster!
You feel mighty!
You feel a strong urge to attack something.
You feel your anger subside.
You are too berserk!
You are no longer berserk.
You pass out from exhaustion.
You feel yourself slow down.
You die...

#.......#####.## #.## #.......#
##...## #.# #.##.##.# #....(#
#.######## #.##....#
##...#####........#### #.####..#
#......##..#####..... #.......#
#..#.#.##..#####..###
######.######.........##........
#............###.##.##..##.
########..♣..# #........###
#...†### #.##.#...... ####
#...## #.##.#.#.... ...# #...#
#.##.#.####. ##.########
#...######.##......#. #........#
#..........##.#.##.#.
#........###...#####.......##.#<
#..#.#...............###.#......
#..#........................#...


There were no monsters in sight!

Vanquished Creatures
  The ghost of mopl the Firebug, an amateur DEFE (D:3)
  Ijyb (D:4)
  7 adders
  A gnoll (D:4)
  2 worms
  2 dart slugs
  5 leopard geckos
  6 bats
  2 giant cockroaches (D:1)
  2 gnoll zombies (D:4)
  7 hobgoblins
  8 jackals (D:2)
  8 frilled lizards
  9 goblins
  3 kobolds
  7 rats
71 creatures vanquished.

Notes
Turn   | Place    | Note
-------+----------+-------------------------------------------
     0 | D:1      | mopl the Deep Elf Fire Elementalist began the quest for the Orb.
     0 | D:1      | Reached XP level 1. HP: 10/10 MP: 6/6
   353 | D:1      | Reached XP level 2. HP: 15/15 MP: 5/8
   688 | D:2      | Reached skill level 2 in Conjurations
   783 | D:2      | Reached XP level 3. HP: 11/19 MP: 6/10
   818 | D:2      | Learned a level 3 spell: Conjure Flame
  1046 | D:2      | Reached skill level 4 in Fire Magic
  1140 | D:2      | Reached XP level 4. HP: 20/24 MP: 0/11
  1195 | D:2      | Learned a level 4 spell: Sticky Flame
  1626 | D:2      | Reached skill level 4 in Spellcasting
  1822 | D:3      | Reached skill level 3 in Conjurations
  2007 | D:3      | Noticed mopl's ghost (amateur DEFE)
  2018 | D:3      | Killed mopl's ghost
  2018 | D:3      | Reached XP level 5. HP: 6/28 MP: 3/13
  2385 | D:4      | Reached skill level 5 in Fire Magic
  2391 | D:4      | Noticed Ijyb
  2398 | D:4      | Killed Ijyb
  2468 | D:4      | Reached skill level 4 in Conjurations
  2493 | D:4      | Found a basalt altar of Yredelemnul.
  2575 | D:4      | Noticed Amnesiac's ghost (novice CeFE)
  2621 | D:3      | HP: 2/42 [poisoned by Amnesiac's ghost]
  2631 | D:3      | Succumbed to Amnesiac's ghost's poison

Skill      XL: |  1  2  3  4  5 |
---------------+----------------+-----
Conjurations   | 2 3 4 |  4.1
Fire Magic     | 4 5 |  5.2
Spellcasting   | 4 |  4.5
Dodging        | |  2.4
Stealth        | |  2.4

Action                   |  1- 3 |  4- 6 || total
-------------------------+-------+-------++-------
Melee: Unarmed           |       |     1 ||     1
 Cast: Flame Tongue      |    52 |    71 ||   123
       Conjure Flame     |       |     5 ||     5
       Sticky Flame      |       |     3 ||     3
  Use: Potion            |       |     3 ||     3
  Eat: Chunk             |     1 |    11 ||    12
Armor: Robe              |     3 |     3 ||     6
       Skin              |       |     3 ||     3
Dodge: Dodged            |    26 |    22 ||    48
